PIO (24 & UNDER)
EAU CLAIRE ESQUIRES @ CHULA VISTA TACOS
09/06/2030
 
TOP OF THE 1ST
Eau Claire Esquires batting - Pitching for Chula Vista Tacos : RHP Manny Cook
Pitching: RHP Manny Cook
Batting: RHB Tom McBride 0-0: Ball
1-0: Swinging Strike
1-1: Swinging Strike
1-2: Strikes out looking
Batting: LHB Johnny Foley 0-0: Foul Ball, location: 2F
0-1: Foul Ball, location: 2F
0-2: Ball
1-2: Ground out 4-3 (Groundball, 4)
Batting: SHB Paul Davenport 0-0: Ball
1-0: Ball
2-0: Called Strike
2-1: Fly out, F3 (Line Drive, 3)
Top of the 1st over - 0 runs, 0 hits, 0 errors, 0 left on base; Eau Claire 0 - Chula Vista 0
BOTTOM OF THE 1ST
Chula Vista Tacos batting - Pitching for Eau Claire Esquires : RHP Eugene Johnston
Pitching: RHP Eugene Johnston
Batting: LHB Jorge Pineda 0-0: Ball
1-0: Called Strike
1-1: Fly out, F8 (Flyball, 8RD)
Batting: RHB Kenny Miller 0-0: Ball
1-0: Ball
2-0: Called Strike
2-1: Ball
3-1: Called Strike
3-2: Strikes out swinging
Batting: LHB Dale Miller 0-0: Foul Ball, location: 2F
0-1: Ball
1-1: Hit by Pitch
Batting: RHB Valentín Saldańa 0-0: Called Strike
0-1: Swinging Strike
0-2: Strikes out swinging
Bottom of the 1st over - 0 runs, 0 hits, 0 errors, 1 left on base; Eau Claire 0 - Chula Vista 0
TOP OF THE 2ND
Eau Claire Esquires batting - Pitching for Chula Vista Tacos : RHP Manny Cook
Batting: LHB Steve Arnold 0-0: Called Strike
0-1: Foul Ball, location: 2F
0-2: Strikes out looking
Batting: RHB River Cunningham 0-0: Foul Ball, location: 2F
0-1: Called Strike
0-2: Strikes out swinging
Batting: RHB Claudio Rodríguez 0-0: Ball
1-0: Fly out, F5 (Popup, 56)
Top of the 2nd over - 0 runs, 0 hits, 0 errors, 0 left on base; Eau Claire 0 - Chula Vista 0
BOTTOM OF THE 2ND
Chula Vista Tacos batting - Pitching for Eau Claire Esquires : RHP Eugene Johnston
Batting: SHB John Fullerton 0-0: Called Strike
0-1: Ball
1-1: Swinging Strike
1-2: Foul Ball, location: 2F
1-2: Foul Ball, location: 2F
1-2: Strikes out looking
Batting: RHB Eric Schroeder 0-0: Foul Ball, location: 2F
0-1: Ball
1-1: Ball
2-1: Foul Ball, location: 2F
2-2: Strikes out swinging
Batting: RHB Rafael Cardenas 0-0: Ball
1-0: Swinging Strike
1-1: Foul Ball, location: 2F
1-2: Foul Ball, location: 2F
1-2: Foul Ball, location: 2F
1-2: Ball
2-2: Strikes out swinging
Bottom of the 2nd over - 0 runs, 0 hits, 0 errors, 0 left on base; Eau Claire 0 - Chula Vista 0
TOP OF THE 3RD
Eau Claire Esquires batting - Pitching for Chula Vista Tacos : RHP Manny Cook
Batting: LHB John Allen 0-0: Called Strike
0-1: SINGLE (Groundball, 56D)
Batting: RHB Júlio Pinto 0-0: Ball
Wild Pitch!
John Allen to second
1-0: Called Strike
1-1: SINGLE (Groundball, 56D)
John Allen to third
Batting: RHB Ron Moore 0-0: Foul Ball, location: 2F
0-1: Fly out, F4 (Popup, 34)
Batting: RHB Tom McBride 0-0: Called Strike
0-1: SINGLE (Groundball, 56D)
John Allen scores
Júlio Pinto to second
Batting: LHB Johnny Foley 0-0: Called Strike
0-1: Fielders Choice at 2nd, 6-4 (Groundball, 6M)
Júlio Pinto to third
Batting: SHB Paul Davenport 0-0: Ball
1-0: Ball
2-0: Called Strike
2-1: Swinging Strike
2-2: Strikes out swinging
Top of the 3rd over - 1 run, 3 hits, 0 errors, 2 left on base; Eau Claire 1 - Chula Vista 0
BOTTOM OF THE 3RD
Chula Vista Tacos batting - Pitching for Eau Claire Esquires : RHP Eugene Johnston
Batting: RHB Daniel Pineda 0-0: Ball
1-0: Ball
2-0: Ball
3-0: Called Strike
3-1: Base on Balls
Batting: SHB Ethan Finley 0-0: Ball
1-0: Called Strike
Daniel Pineda steals 2nd base
1-1: Ball
2-1: Called Strike
2-2: SINGLE (Line Drive, 9S)
Daniel Pineda to third
Runner from 3rd tries for Home, SAFE, no throw
Batting: LHB Jorge Pineda 0-0: Hit by Pitch
Ethan Finley to second
Batting: RHB Kenny Miller 0-0: Ball
1-0: Called Strike
1-1: Ball
2-1: SINGLE (Line Drive, 56)
Ethan Finley to third
Jorge Pineda to second
Batting: LHB Dale Miller 0-0: Grounds into double play, 6-4-3 (Groundball, 6)
Ethan Finley scores
Jorge Pineda to third
Batting: RHB Valentín Saldańa 0-0: Ball
1-0: Foul Ball, location: 2F
1-1: Ball
2-1: Foul Ball, location: 2F
2-2: Foul Ball, location: 2F
2-2: Ball
3-2: Foul Ball, location: 2F
3-2: Base on Balls
Batting: SHB John Fullerton 0-0: Fly out, F7 (Flyball, 7S)
Bottom of the 3rd over - 2 runs, 2 hits, 0 errors, 2 left on base; Eau Claire 1 - Chula Vista 2
TOP OF THE 4TH
Eau Claire Esquires batting - Pitching for Chula Vista Tacos : RHP Manny Cook
Batting: LHB Steve Arnold 0-0: Ball
1-0: Ball
2-0: Foul Ball, location: 2F
2-1: Called Strike
2-2: Ball
3-2: SOLO HOME RUN (Flyball, 89XD), Distance : 421 ft
Batting: RHB River Cunningham 0-0: Ball
1-0: Foul Ball, location: 2F
1-1: Called Strike
1-2: Ball
2-2: Ball
3-2: Foul Ball, location: 2F
3-2: Foul Ball, location: 2F
3-2: Foul Ball, location: 2F
3-2: Strikes out swinging
Batting: RHB Claudio Rodríguez 0-0: Ball
1-0: Called Strike
1-1: Foul Ball, location: 2F
1-2: Fly out, F4 (Line Drive, 4)
Batting: LHB John Allen 0-0: Called Strike
0-1: Ball
1-1: SINGLE (Line Drive, 78S)
Batting: RHB Júlio Pinto 0-0: Ball
1-0: Ball
2-0: Fly out, F9 (Line Drive, 9D)
Top of the 4th over - 1 run, 2 hits, 0 errors, 1 left on base; Eau Claire 2 - Chula Vista 2
BOTTOM OF THE 4TH
Chula Vista Tacos batting - Pitching for Eau Claire Esquires : RHP Eugene Johnston
Batting: RHB Eric Schroeder 0-0: Ball
1-0: Ball
2-0: Called Strike
2-1: Foul Ball, location: 2F
2-2: Foul Ball, location: 2F
2-2: Foul Ball, location: 2F
2-2: Ground out 1-3 (Groundball, 15S)
Batting: RHB Rafael Cardenas 0-0: Swinging Strike
0-1: Swinging Strike
0-2: Strikes out looking
Batting: RHB Daniel Pineda 0-0: Called Strike
0-1: Called Strike
0-2: Strikes out swinging
Bottom of the 4th over - 0 runs, 0 hits, 0 errors, 0 left on base; Eau Claire 2 - Chula Vista 2
TOP OF THE 5TH
Eau Claire Esquires batting - Pitching for Chula Vista Tacos : RHP Manny Cook
Batting: RHB Ron Moore 0-0: Ground out 4-3 (Groundball, 4MS)
Batting: RHB Tom McBride 0-0: SINGLE (Groundball, 6MD)
Batting: LHB Johnny Foley 0-0: Foul Ball, location: 2F
0-1: Swinging Strike
0-2: Hit by Pitch
Tom McBride to second
Batting: SHB Paul Davenport 0-0: Ball
1-0: Ball
2-0: Fielders Choice at 2nd, 4-6 (Groundball, 4)
Tom McBride to third
Batting: LHB Steve Arnold 0-0: Ball
1-0: Foul Ball, location: 2F
1-1: Ball
2-1: Ball
3-1: Foul Ball, location: 2F
3-2: Strikes out looking
Top of the 5th over - 0 runs, 1 hit, 0 errors, 2 left on base; Eau Claire 2 - Chula Vista 2
BOTTOM OF THE 5TH
Chula Vista Tacos batting - Pitching for Eau Claire Esquires : RHP Eugene Johnston
Batting: SHB Ethan Finley 0-0: Swinging Strike
0-1: Ball
1-1: Swinging Strike
1-2: Strikes out swinging
Batting: LHB Jorge Pineda 0-0: Ball
1-0: Reached on error, E9 (Flyball, 9D)
Batting: RHB Kenny Miller 0-0: Foul Ball, location: 2F
0-1: Called Strike
0-2: Ball
1-2: Foul Ball, location: 2F
1-2: Ball
2-2: Strikes out swinging
Batting: LHB Dale Miller 0-0: Called Strike
0-1: Ball
1-1: SINGLE (Line Drive, 34D)
Jorge Pineda to third
Batting: RHB Valentín Saldańa 0-0: Ball
1-0: Called Strike
1-1: Hit by Pitch
Dale Miller to second
Batting: SHB John Fullerton 0-0: Ground out 4-3 (Groundball, 4)
Bottom of the 5th over - 0 runs, 1 hit, 1 error, 3 left on base; Eau Claire 2 - Chula Vista 2
TOP OF THE 6TH
Eau Claire Esquires batting - Pitching for Chula Vista Tacos : RHP Manny Cook
Batting: RHB River Cunningham 0-0: Called Strike
0-1: Ball
1-1: Ball
2-1: Ball
3-1: Called Strike
3-2: Foul Ball, location: 2F
3-2: Ground out 5-3 (Groundball, 56)
Batting: RHB Claudio Rodríguez 0-0: Ball
1-0: Called Strike
1-1: Foul Ball, location: 2F
1-2: Ball
2-2: Ball
3-2: Base on Balls
Batting: LHB John Allen 0-0: Ball
1-0: Foul Ball, location: 2F
1-1: Ball
2-1: SINGLE (Line Drive, 56)
Claudio Rodríguez to second
Batting: RHB Júlio Pinto 0-0: Foul Ball, location: 2F
0-1: Ball
1-1: Ground out 5-3 (Groundball, 56S)
Claudio Rodríguez to third
John Allen to second
Batting: RHB Ron Moore 0-0: Ball
1-0: Ball
2-0: Called Strike
2-1: Ball
3-1: Foul Ball, location: 2F
3-2: Fly out, F9 (Flyball, 89S)
Top of the 6th over - 0 runs, 1 hit, 0 errors, 2 left on base; Eau Claire 2 - Chula Vista 2
BOTTOM OF THE 6TH
Chula Vista Tacos batting - Pitching for Eau Claire Esquires : RHP Eugene Johnston
Batting: RHB Eric Schroeder 0-0: Ball
1-0: Ball
2-0: Called Strike
2-1: Foul Ball, location: 2F
2-2: Ball
3-2: Base on Balls
Batting: RHB Rafael Cardenas 0-0: Foul Ball, location: 2F
0-1: Ball
1-1: SINGLE (Line Drive, 6M)
Eric Schroeder to second
Batting: RHB Daniel Pineda 0-0: Ball
1-0: Foul Ball, location: 2F
1-1: Ball
2-1: SINGLE (Flyball, 9LS)
Eric Schroeder to third
Rafael Cardenas to second
Pitching: RHP Sam Faulkner
Batting: SHB Ethan Finley 0-0: Called Strike
0-1: Ball
1-1: Ball
2-1: Grounds into fielders choice 1-2 (Groundball, 15S)
Rafael Cardenas to third
Daniel Pineda to second
Batting: LHB Jorge Pineda 0-0: Ball
1-0: Foul Ball, location: 2F
1-1: Foul Ball, location: 2F
1-2: Ball
2-2: Strikes out swinging
Batting: RHB Kenny Miller 0-0: Called Strike
0-1: Foul Ball, location: 2F
0-2: Fly out, F8 (Flyball, 8LD)
Bottom of the 6th over - 0 runs, 2 hits, 0 errors, 3 left on base; Eau Claire 2 - Chula Vista 2
TOP OF THE 7TH
Eau Claire Esquires batting - Pitching for Chula Vista Tacos : RHP Manny Cook
Pitching: RHP Keith Anderson
Batting: RHB Tom McBride 0-0: Called Strike
0-1: Ball
1-1: Called Strike
1-2: Ball
2-2: Strikes out swinging
Batting: LHB Johnny Foley 0-0: Ball
1-0: Called Strike
1-1: Swinging Strike
1-2: Ball
2-2: Ball
3-2: Foul Ball, location: 2F
3-2: Foul Ball, location: 2F
3-2: Foul Ball, location: 2F
3-2: Base on Balls
Batting: SHB Paul Davenport 0-0: Ball
1-0: Fly out, F9 (Flyball, 9S)
Batting: LHB Steve Arnold 0-0: Called Strike
0-1: Ball
1-1: Ball
Johnny Foley is caught stealing 2nd base
Top of the 7th over - 0 runs, 0 hits, 0 errors, 0 left on base; Eau Claire 2 - Chula Vista 2
BOTTOM OF THE 7TH
Chula Vista Tacos batting - Pitching for Eau Claire Esquires : RHP Sam Faulkner
Pitching: LHP Iván Serna
Pinch Hitting: RHB Germán Ontiveros 0-0: Ground out 5-3 (Groundball, 56)
Pitching: LHP John Smith
Batting: RHB Valentín Saldańa 0-0: Fly out, F2 (Popup, 2LF)
Batting: SHB John Fullerton 0-0: Ball
1-0: Ball
2-0: Ball
3-0: Base on Balls
Batting: RHB Eric Schroeder 0-0: Fly out, F8 (Flyball, 8LM)
Bottom of the 7th over - 0 runs, 0 hits, 0 errors, 1 left on base; Eau Claire 2 - Chula Vista 2
TOP OF THE 8TH
Eau Claire Esquires batting - Pitching for Chula Vista Tacos : RHP Keith Anderson
Now in RF: Jared Calhoun
Batting: LHB Steve Arnold 0-0: Fly out, F5 (Line Drive, 56S)
Batting: RHB River Cunningham 0-0: Ball
1-0: Ball
2-0: Ball
3-0: Called Strike
3-1: Swinging Strike
3-2: Base on Balls
Pinch Runner at 1st Jorge Silva:
Batting: RHB Claudio Rodríguez 0-0: SINGLE (Groundball, 6MD)
Jorge Silva to second
Runner from 2nd tries for 3rd, SAFE, no throw
Batting: LHB John Allen 0-0: Ball
1-0: Ball
2-0: Called Strike
2-1: Swinging Strike
2-2: Ball
3-2: Strikes out looking
Pinch Hitting: LHB Matt Taylor 0-0: Ball
1-0: Ball
2-0: Ground out 4-3 (Groundball, 4)
Top of the 8th over - 0 runs, 1 hit, 0 errors, 2 left on base; Eau Claire 2 - Chula Vista 2
BOTTOM OF THE 8TH
Chula Vista Tacos batting - Pitching for Eau Claire Esquires : LHP John Smith
Now at 3B: Silas Small
Now at SS: Jorge Silva
Batting: RHB Rafael Cardenas 0-0: Ball
1-0: Called Strike
1-1: Swinging Strike
1-2: Ball
2-2: Fly out, F6 (Line Drive, 6)
Pinch Hitting: RHB Miguel Murillo 0-0: Ball
1-0: Ball
2-0: Ball
3-0: Base on Balls
Pinch Hitting: RHB José Isla 0-0: Called Strike
0-1: Ball
1-1: Foul Ball, location: 2F
1-2: Strikes out looking
Pinch Hitting: RHB Nelson Wright 0-0: Ball
1-0: Ball
2-0: Foul Ball, location: 2F
2-1: Ground out 4-3 (Groundball, 34D)
Bottom of the 8th over - 0 runs, 0 hits, 0 errors, 1 left on base; Eau Claire 2 - Chula Vista 2
TOP OF THE 9TH
Eau Claire Esquires batting - Pitching for Chula Vista Tacos : RHP Keith Anderson
Pitching: LHP Alberto Colón
Now at SS: Barrett Barr
Now in LF: José Isla
Now in CF: Nelson Wright
Batting: RHB Ron Moore 0-0: Called Strike
0-1: Fly out, F9 (Flyball, 9S)
Batting: RHB Tom McBride 0-0: Called Strike
0-1: Foul Ball, location: 2F
0-2: Ball
1-2: Ball
2-2: Foul Ball, location: 2F
2-2: Foul Ball, location: 2F
2-2: Strikes out looking
Pinch Hitting: RHB James Bennett 0-0: Called Strike
0-1: Ball
1-1: Ball
2-1: Ball
3-1: Swinging Strike
3-2: Foul Ball, location: 2F
3-2: Foul Ball, location: 2F
3-2: Base on Balls
Pinch Runner at 1st Tomás Rivera:
Batting: SHB Paul Davenport 0-0: SINGLE (Groundball, 34) (infield hit)
Tomás Rivera to second
Pinch Hitting: RHB Edgardo Morales 0-0: Ball
1-0: Called Strike
1-1: Ball
2-1: Fly out, F7 (Flyball, 7)
Top of the 9th over - 0 runs, 1 hit, 0 errors, 2 left on base; Eau Claire 2 - Chula Vista 2
BOTTOM OF THE 9TH
Chula Vista Tacos batting - Pitching for Eau Claire Esquires : LHP John Smith
Pitching: LHP Matthew Hernández
Now in LF: Tomás Rivera
Now in RF: Edgardo Morales
Batting: RHB Kenny Miller 0-0: Ball
1-0: Fly out, F7 (Flyball, 78S)
Batting: SHB Jared Calhoun 0-0: Called Strike
0-1: Swinging Strike
0-2: Strikes out looking
Batting: RHB Valentín Saldańa 0-0: Called Strike
0-1: Ball
1-1: Called Strike
1-2: Ball
2-2: Ball
3-2: SINGLE (Flyball, 78M)
Batting: SHB John Fullerton 0-0: Ball
1-0: Ball
2-0: Called Strike
2-1: Swinging Strike
2-2: Foul Ball, location: 2F
2-2: Foul Ball, location: 2F
2-2: Foul Ball, location: 2F
2-2: Strikes out swinging
Bottom of the 9th over - 0 runs, 1 hit, 0 errors, 1 left on base; Eau Claire 2 - Chula Vista 2
TOP OF THE 10TH
Eau Claire Esquires batting - Pitching for Chula Vista Tacos : LHP Alberto Colón
Pinch Hitting: RHB Cipriano Salas 0-0: Foul Ball, location: 2F
0-1: Ball
1-1: Ball
2-1: Ball
3-1: Called Strike
3-2: Base on Balls
Batting: RHB Claudio Rodríguez 0-0: Ball
1-0: Ball
2-0: Ball
3-0: Base on Balls
Cipriano Salas to second
Batting: LHB John Allen 0-0: Called Strike
0-1: Ball
1-1: Ball
2-1: Ball
3-1: Base on Balls
Cipriano Salas to third
Claudio Rodríguez to second
Batting: RHB Silas Small 0-0: Swinging Strike
0-1: Ball
1-1: Called Strike
1-2: Grounds into double play, 3-2-3 (Groundball, 34)
Claudio Rodríguez to third
John Allen to second
Batting: RHB Ron Moore 0-0: 3-RUN HOME RUN (Flyball, 78XD), Distance : 431 ft
Pitching: RHP Chris Horne
Batting: RHB Tom McBride 0-0: Ball
1-0: Foul Ball, location: 2F
1-1: Swinging Strike
1-2: Foul Ball, location: 2F
1-2: Ball
2-2: Ball
3-2: Base on Balls
Batting: RHB Tomás Rivera 0-0: Ball
1-0: Foul Ball, location: 2F
1-1: SINGLE (Groundball, 6M) (infield hit)
Tom McBride to second
Batting: SHB Paul Davenport 0-0: Fly out, F7 (Flyball, 7)
Top of the 10th over - 3 runs, 2 hits, 0 errors, 2 left on base; Eau Claire 5 - Chula Vista 2
BOTTOM OF THE 10TH
Chula Vista Tacos batting - Pitching for Eau Claire Esquires : LHP Matthew Hernández
Now at SS: Cipriano Salas
Batting: RHB Eric Schroeder 0-0: Ball
1-0: Called Strike
1-1: Foul Ball, location: 2F
1-2: Ball
2-2: Ball
3-2: Fly out, F7 (Flyball, 7LMF)
Batting: RHB Rafael Cardenas 0-0: Called Strike
0-1: Ball
1-1: Foul Ball, location: 2F
1-2: Strikes out swinging
Batting: RHB Barrett Barr 0-0: Ball
1-0: Called Strike
1-1: Foul Ball, location: 2F
1-2: Strikes out looking
Bottom of the 10th over - 0 runs, 0 hits, 0 errors, 0 left on base; Eau Claire 5 - Chula Vista 2
Saturday, April 7th, 2018 - OOTP Baseball 18.8 Build 76